 Dungeon Crawl Stone Soup version 0.31-a0-1154-gadca813884 (webtiles) character file.

Game seed: 1368711993247964516

1962259 Flugkiller the Skinwalker (level 25, 174/193 HPs)
             Began as an Octopode Shapeshifter on Dec 7, 2023.
             Was a High Priest of Okawaru.
             Escaped with the Orb
             ... and 3 runes!
             The game lasted 01:21:29 (48102 turns).

Flugkiller the Skinwalker (Octopode Shapeshifter)  Turns: 48102, Time: 01:21:30

Health: 174/193    AC: 22    Str: 27    XL:     25   Next: 70%
Magic:  33/33      EV: 58    Int: 15    God:    Okawaru [*****.]
Gold:   2964       SH:  2    Dex: 25    Spells: 24/24 levels left

rFire   + .          .
                       - Unarmed
rCold   + . .        X - melded +2 buckler of Wimaint {Will+ rCorr}
rNeg    . . .        g - melded +2 hat "Nymaf" {rElec rF++ rC+ MP-9}
rPois   ∞            N - amulet of regeneration
rElec   +            D - +4 ring of protection
rCorr   +            Y - ring of Iliptexoe {Str+6 Dex+6}
SInv    +            P - ring of the Octopus King {HP+2 AC+2 EV+2 SH+2 SInv}
Will    +++++        m - ring "Iroreid" {Fly Will+ rCorr Str+6 Int-5}
Stlth   +            c - ring of protection from cold
HPRegen 1.32/turn    k - +4 ring of protection
MPRegen 0.23/turn    v - +5 ring of evasion
                     T - ring "Roicagh" {rF+ Will++ Int+5}

%: no passive effects
@: storm-form, flying
A: cleaving, insubstantial, flying, almost no armour, amphibious, 8 rings,
(camouflage 1), (gelatinous body 1), (nimble swimmer 1), (tentacles),
strong-willed 1, (poison resistance), screaming 1, subdued magic 1
0: Orb of Zot
}: 3/15 runes: decaying, serpentine, silver
a: Blinkbolt, Begin Untransformation, Renounce Religion, Heroism, Finesse, Duel


You escaped.
You worshipped Okawaru.
Okawaru was extremely pleased with you.
You were a lightning-filled tempest!
You visited 8 branches of the dungeon, and saw 44 of its levels.
You also visited: Ossuary and Gauntlet.

You collected 5887 gold pieces.
You spent 2923 gold pieces at shops.

Inventory:

Missiles
 s - 47 silver javelins (quivered)
 C - 25 curare-tipped darts
 I - 8 throwing nets
Armour
 g - the +2 hat "Nymaf" (melded) {rElec rF++ rC+ MP-9}
   (You found it in a Gauntlet)

   rF++:      It greatly protects you from fire.
   rC+:       It protects you from cold.
   rElec:     It insulates you from electricity.
   MP-9:      It affects your magic capacity (-9).
 X - the +2 buckler of Wimaint (melded) {Will+ rCorr}
   (You found it on level 1 of the Vaults)

   Will+:     It increases your willpower.
   rCorr:     It protects you from acid and corrosion.
Jewellery
 c - a ring of protection from cold (on tentacle)
   (You found it in a Gauntlet)
 k - a +4 ring of protection (on tentacle)
   (You bought it in a shop on level 1 of the Dungeon)
 m - the ring "Iroreid" (on tentacle) {Fly Will+ rCorr Str+6 Int-5}
   (You found it on level 5 of the Vaults)

   [ring of strength]

   Str+6:     It affects your strength (+6).
   Int-5:     It affects your intelligence (-5).
   Will+:     It increases your willpower.
   Fly:       It grants you flight.
   rCorr:     It protects you from acid and corrosion.
 p - a ring of protection from fire
   (You found it on level 7 of the Dungeon)
 r - a +6 ring of strength
   (You took it off an ironbound convoker on level 5 of the Vaults)
 v - a +5 ring of evasion (on tentacle)
   (You found it on level 4 of the Lair of Beasts)
 D - a +4 ring of protection (left tentacle)
   (You found it on level 2 of the Snake Pit)
 N - an amulet of regeneration (around neck)
   (You bought it in a shop on level 2 of the Orcish Mines)
 P - a ring of the Octopus King (on tentacle) {HP+2 AC+2 EV+2 SH+2 SInv}
   (You bought it in a shop on level 1 of the Dungeon)

   [ring of see invisible]

   AC+2:      It affects your AC (+2).
   EV+2:      It affects your evasion (+2).
   HP+2:      It affects your health (+2).
   SInv:      It lets you see invisible.
   SH+2:      It affects your SH (+2).
 T - the ring "Roicagh" (on tentacle) {rF+ Will++ Int+5}
   (You bought it in a shop on level 1 of the Dungeon)

   [ring of protection from fire]

   Int+5:     It affects your intelligence (+5).
   rF+:       It protects you from fire.
   Will++:    It greatly increases your willpower.
 Y - the ring of Iliptexoe (right tentacle) {Str+6 Dex+6}
   (You found it in a Gauntlet)

   [ring of dexterity]

   Str+6:     It affects your strength (+6).
   Dex+6:     It affects your dexterity (+6).
Talismans
 i - a storm talisman (active)
   (You took it off Sojobo on level 3 of the Depths)
 Q - a granite talisman
   (You bought it in a shop on level 1 of the Dungeon)
Wands
 a - a wand of digging (17)
   (You found it on level 10 of the Dungeon)
 o - a wand of paralysis (42)
   (You found it on level 3 of the Dungeon)
 x - a wand of polymorph (25)
   (You took it off an orc on level 4 of the Dungeon)
 B - a wand of roots (34)
   (You took it off Ijyb on level 4 of the Dungeon)
 G - a wand of quicksilver (14)
   (You took it off Pikel on level 6 of the Dungeon)
 O - a wand of mindburst (21)
   (You found it on level 3 of the Swamp)
 V - a wand of flame (57)
   (You found it on level 13 of the Dungeon)
Scrolls
 b - 5 scrolls of fear
 t - 7 scrolls of teleportation
 y - 9 scrolls of immolation
 z - 4 scrolls of blinking
 E - 2 scrolls of silence
 F - 4 scrolls of fog
 H - 3 scrolls of torment
 S - 4 scrolls of vulnerability
 U - 12 scrolls of poison
Potions
 d - 7 potions of might
 e - 4 potions of invisibility
 h - 5 potions of haste
 j - 4 potions of lignification
 l - 5 potions of berserk rage
 n - 3 potions of resistance
 q - 13 potions of curing
 w - 6 potions of heal wounds
 A - a potion of magic
 J - 18 potions of enlightenment
 K - 11 potions of mutation
 M - 7 potions of ambrosia
 R - a potion of cancellation
Miscellaneous
 u - a condenser vane
   (You found it on level 1 of the Vaults)
 W - a phial of floods
   (You found it on level 14 of the Dungeon)
 Z - a lightning rod (4/4)
   (You found it in a Gauntlet)


   Skills:
 + Level 20.8 Fighting
 - Level 20.0 Dodging
 - Level 1.0 Stealth
 - Level 5.0 Shields
 + Level 20.7 Unarmed Combat
 - Level 14.0 Invocations
 - Level 8.0 Evocations
 - Level 23.3 Shapeshifting


You had 24 spell levels left.
You didn't know any spells.
Your spell library contained the following spells:

 Spells                   Type           Power      Damage    Failure   Level
 Apportation              Tloc           0%         N/A       22%         1
 Freeze                   Ice            0%         1d3       22%         1
 Kiss of Death            Conj/Necr      0%         2d5       22%         1
 Necrotise                Necr           0%         1d4       22%         1
 Sandblast                Erth           0%         2d4       22%         1
 Cigotuvi's Dreadful Rot  Necr/Pois/Air  0%         N/A       34%         2
 Ensorcelled Hibernation  Hex/Ice        0%         N/A       34%         2
 Jinxbite                 Hex            0%         N/A       34%         2
 Passwall                 Tmut/Erth      0%         N/A       34%         2
 Scorch                   Fire           0%         2d5       34%         2
 Confusing Touch          Hex            0%         N/A       58%         3
 Dazzling Flash           Conj/Hex       0%         N/A       58%         3
 Ignite Poison            Fire/Tmut/Pois 0%         N/A       58%         3
 Ozocubu's Armour         Ice            0%         N/A       58%         3
 Sigil of Binding         Hex            0%         N/A       58%         3
 Stone Arrow              Conj/Erth      0%         3d7       58%         3
 Swiftness                Air            0%         N/A       58%         3
 Volatile Blastmotes      Fire/Tloc      0%         2d10      58%         3
 Anguish                  Hex/Necr       0%         N/A       94%         4
 Brom's Barrelling Bould  Conj/Erth      0%         2d3       94%         4
 Dimensional Bullseye     Hex/Tloc       0%         N/A       94%         4
 Dispel Undead            Necr           0%         3d6       94%         4
 Flame Wave               Conj/Fire      0%         2d4       94%         4
 Iskenderun's Mystic Bla  Conj/Tloc      0%         2d3       94%         4
 Leda's Liquefaction      Hex/Erth       0%         N/A       94%         4
 Manifold Assault         Tloc           0%         N/A       94%         4
 Petrify                  Tmut/Erth      0%         N/A       94%         4
 Vhi's Electric Charge    Tloc/Air       0%         N/A       94%         4
 Alistair's Intoxication  Tmut/Pois      0%         N/A       100%        5
 Arcjolt                  Conj/Air       0%         1d10      100%        5
 Borgnjor's Vile Clutch   Necr/Erth      0%         N/A       100%        5
 Freezing Cloud           Conj/Ice/Air   0%         6-21      100%        5
 Irradiate                Conj/Tmut      0%         3d11      100%        5
 Lee's Rapid Deconstruct  Erth           0%         3d4*      100%        5
 Silence                  Hex/Air        0%         N/A       100%        5
 Bombard                  Conj/Erth      0%         9d1       100%        6
 Conjure Ball Lightning   Conj/Air       0%         3x3d6     100%        6
 Dispersal                Tloc           0%         N/A       100%        6
 Eringya's Noxious Bog    Tmut/Pois      0%         4d6       100%        6
 Starburst                Conj/Fire      0%         6d3       100%        6
 Ozocubu's Refrigeration  Ice            0%         4d7       100%        7
 Discord                  Hex            0%         N/A       100%        8
 Disjunction              Tloc           0%         N/A       100%        8
 Lehudib's Crystal Spear  Conj/Erth      0%         10d2      100%        8
 Maxwell's Capacitive Co  Air            0%         ∞         100%        8
 Polar Vortex             Ice            0%         N/A       100%        9
 Summon Small Mammal      Summ           Unusable   N/A       N/A         1
 Sublimation of Blood     Necr           Unusable   N/A       N/A         2
 Call Canine Familiar     Summ           Unusable   N/A       N/A         3
 Tukima's Dance           Hex            Unusable   N/A       N/A         3
 Animate Armour           Summ/Erth      Unusable   N/A       N/A         4
 Summon Lightning Spire   Summ/Air       Unusable   N/A       N/A         4
 Simulacrum               Ice/Necr       Unusable   N/A       N/A         6
 Summon Cactus Giant      Summ           Unusable   N/A       N/A         6
 Haunt                    Necr/Summ      Unusable   N/A       N/A         7
 Spellforged Servitor     Conj/Summ      Unusable   N/A       N/A         7

Dungeon Overview and Level Annotations

Branches:
Dungeon (15/15)            Temple (0/1) D:4            Lair (5/5) D:8
  Swamp (4/4) Lair:2        Snake (4/4) Lair:3        Slime (0/5) Lair:5
    Orc (2/2) D:11            Elf (0/3) Orc:2        Vaults (5/5) D:13
  Crypt (0/3) Vaults:3     Depths (4/4) D:15            Zot (5/5) Depths:4
Ossuary (visited)         Gauntlet (visited)

Altars:
Cheibriados
Fedhas
Makhleb
Nemelex Xobeh
Okawaru
Qazlal
Ru
Trog
Uskayaw
Wu Jian
Zin
The Shining One
Jiyva

Shops:
D:1 =   D:4 =   D:5 *   D:6 *(   Orc:1 ?!(*:   Orc:2 ![=   Vaults:3 (
Vaults:4 [

Portals:
Hell: Depths:1 Depths:2 Depths:3 Depths:4
Abyss: Depths:2 Depths:3 Depths:4
Pandemonium: Depths:1 Depths:2
Ziggurat: Depths:1

Annotations:
D:11 3 runed translucent doors, arrururu's ghost, journeyman KoEn
Depths:2 3 runed translucent doors, NigelTetley's ghost, adept DgCj
Zot:3 exclusion: upstairs


Innate Abilities, Weirdness & Mutations

You are a lightning-filled tempest!
Your electrical attacks strike out in all directions at once.
You are incredibly evasive.
Your insubstantial body is immune to petrification, constriction, and being set on fire You are flying.
Your armour is entirely melded.
You are incapable of wielding weapons or throwing items.
You cannot wear most types of armour.
You are amphibious.
You can wear up to eight rings at the same time.
You are immune to poison.
((Your skin changes colour to match your surroundings (Stealth+).))
((Your rubbery body absorbs attacks. (AC +1, EV +1)))
((You are camouflaged when in or above water. (Stealth+)))
((You have tentacles for arms and can constrict up to eight enemies at once.))
You are strong-willed. (Will+)
((Your system is resistant to poisons. (rPois)))
You occasionally shout uncontrollably at your foes.
Your spells are a little easier to cast, but a little less powerful.


Message History

There is a stone staircase leading up here.
You fly upwards.
There is a stone staircase leading down here.
There is an open door, spattered with blood here.
Items here: ))) [[[.
There is a stone staircase leading up, spattered with blood here.
You fly upwards.
There is a stone staircase leading down here.
There is an open door here.
There is an open door here.
There is a stone staircase leading up here.
You fly upwards.
There is a stone staircase leading down here.
There is a stone staircase leading up here.
You fly upwards.
There is a stone staircase leading down here.
Things that are here:
a +0 robe; a +0 falchion
There is a stone staircase leading up here.
You fly upwards.
There is a stone staircase leading down here.
There is an open door here.
There is an open door, spattered with blood here.
You see here a +0 giant club.
A Cuebaodo, a red devil, a sixfirhy and a small abomination come into view.
The red devil is wielding a +1 demon trident of electrocution.
Press: ? - help, v - describe, . - travel
Here: Cuebaodo The floor.
Blink to where?
Press: ? - help, Dir - move target
As you read the scroll of blinking, it crumbles to dust.
Cuebaodo moves out of view.
The red devil moves out of view.
The sixfirhy moves out of view.
The small abomination moves out of view.
You fly upwards.
There is a stone staircase leading down here.
There is a stone staircase leading up here.
You fly upwards.
There is a stone staircase leading down here.
A Hell Sentinel comes into view.
The Hell Sentinel completely misses you.
The Hell Sentinel closely misses you.
There is an open door here.
The Hell Sentinel misses you.
The Hell Sentinel completely misses you.
You blast the Hell Sentinel!!!
The Hell Sentinel is heavily wounded.
You hit the Hell Sentinel but do no damage.
The Hell Sentinel is heavily wounded.
The Hell Sentinel gestures at you. The iron shot misses you.
You batter the Hell Sentinel!!
The Hell Sentinel is heavily wounded.
You hit the Hell Sentinel but do no damage.
The Hell Sentinel is heavily wounded.
The Hell Sentinel completely misses you. x2
You blast the Hell Sentinel!!!
You punch the Hell Sentinel, but do no damage.
The Hell Sentinel is almost dead.
The Hell Sentinel gestures at you.
The sphere of damnation explodes!
The damnation engulfs you!!
The damnation engulfs the Hell Sentinel.
The Hell Sentinel completely resists.
You batter the Hell Sentinel!!
You kill the Hell Sentinel!
Okawaru accepts your kill.
There is a stone staircase leading up here.
You fly upwards.
There is a stone staircase leading down here.
An ice devil comes into view.
You blast the ice devil!!!
You kill the ice devil!
Okawaru accepts your kill.
No target in view!
HP restored.
There is a stone staircase leading up here.
You fly upwards.
There is a stone staircase leading down here.
There is a stone staircase leading up here.
You fly upwards.
There is a stone staircase leading down here.
There is an entrance to Goinnoacw's Jewellery Emporium here.
You see here a ring of see invisible.
You reach down and open the large door.
You bellow at the ynoxinul!
A Ytis, a hellion and a ynoxinul come into view.
The ynoxinul bellows!
Press: ? - help, v - describe, . - travel
Here: Ytis The floor.
Blink to where?
Press: ? - help, Dir - move target
As you read the scroll of blinking, it crumbles to dust.
Unknown command.
The hellion gestures at you.
The sphere of damnation explodes!
The damnation engulfs you!!
There is an open door here.
There is a staircase leading out of the dungeon here.
Enter note: gg You have escaped!

...........####''####...#
..#........###..2.###...##
..[...)....##......##....#
...........##.#...2##..#.#
...#....#..#...3&...#..#.#
...#.......#.#....[.#..#.#
..##.###...#...##...#..#.#
.###)# #...#..####&.#..#.#
###..# #...'..'>v'..+..#.#
###.## #...#..####..#..#.######
.#..####...#...##...#.........#
...........#......#.#.........#
..######...#........#.........#
.## ##..##.)..#.##.........# .#
#..##......##.....>...# ##
#..###....###.........#
#..####''####..########


You could see Ytis.

Vanquished Creatures
  3 pandemonium lords
  3 ancient liches
  A dread lich (Zot:5)
  4 orbs of fire (Zot:5)
  Sojobo (Depths:3)
  4 Killer Klowns
  Saint Roka (Orc:1)
  Vashnia (Snake:2)
  Parghit (Zot:1)
  The ghost of Fubrub the Fetichist, a veteran GnWr of Ashenzari (Vaults:1)
  8 golden dragons
  The ghost of Huosm the Brawler, an adept TrFi of Okawaru (Vaults:1)
  2 electric golems (Zot:5)
  A Hell Sentinel (D:4)
  The ghost of Armakuni the Bringer of Life, an adept HuMo of Elyvilon (Vaults:1)
  21 Orb Guardians
  16 tentacled monstrosities
  Rupert (Lair:5)
  5 liches
  2 quicksilver dragons
  8 titans
  Asterion (Snake:2)
  A walking divine tome (Depths:2)
  4 sphinxes
  6 death cobs
  5 tengu reavers
  A thorn hunter (Swamp:2)
  10 shadow dragons
  The ghost of inmateoo the Impaler, an adept DsGl of Hepliaklqana (Vaults:1)
  10 storm dragons
  Aizul (Snake:1)
  Roxanne (Swamp:2)
  7 nagarajas
  3 draconian knights
  11 fire giants
  A fenstrider witch (Swamp:2)
  A juggernaut zombie (Depths:1)
  4 draconian scorchers
  3 iron dragons
  2 ghost moths
  12 vault wardens
  8 frost giants
  4 ghouls
  A draconian shifter (Zot:1)
  16 stone giants
  A reaper (Depths:4)
  4 draconian annihilators (Zot:1)
  An orc warlord (Vaults:2)
  6 war gargoyles
  A cacodemon (Zot:1)
  17 ironbound preservers
  2 formless jellyfish
  2 quicksilver oozes (Vaults:4)
  31 very ugly things
  6 ironbound thunderhulks
  4 eleionomae
  2 vampire knights
  2 deep elf demonologists (Vaults:5)
  10 yellow draconians
  A minotaur (Gauntlet)
  5 dire elephants
  8 bunyips
  10 black draconians
  3 purple draconians
  4 spark wasps (Depths:2)
  6 red draconians
  11 white draconians
  15 ettins
  A deep elf death mage (Vaults:5)
  A blizzard demon (Depths:4)
  2 crystal guardians
  5 fire dragons
  Josephine (D:13)
  3 deep elf high priests (Vaults:5)
  2 shambling mangroves
  2 entropy weavers
  11 yaktaur captains
  2 great orbs of eyes
  Erolcha (Orc:1)
  6 ice dragons
  2 salamander tyrants (Snake:4)
  4 spriggan air magi
  3 rakshasas
  4 ogre magi (Orc:2)
  27 vault guards
  6 alligators
  4 ironbound frosthearts
  3 peacekeepers
  4 ghost crabs
  9 boulder beetles
  13 anacondas
  4 catoblepae
  28 centaur warriors
  24 hydras
  7 two-headed ogres
  6 tengu warriors
  A death knight (D:14)
  6 deep troll shamans
  A two-headed ogre (shapeshifter) (Depths:1)
  A death scarab (Gauntlet)
  9 deep troll earth magi
  8 naga warriors
  A vampire mage (Vaults:3)
  3 death yaks (Gauntlet)
  Urug (Lair:2)
  17 naga sharpshooters
  8 spriggan berserkers
  5 shock serpents
  A sun demon (Depths:1)
  A storm dragon zombie (Depths:1)
  14 hell knights
  2 skysharks
  4 salamander mystics
  A skeletal warrior (Vaults:3)
  5 goliath frogs
  51 deep trolls
  5 spriggan druids
  2 flayed ghosts
  A golden dragon zombie (Depths:1)
  6 naga ritualists
  9 swamp dragons
  6 iron trolls
  A shadow demon (Zot:3)
  A sea snake (shapeshifter) (Depths:2)
  4 glowing orange brains
  12 bog bodies
  16 ironbound convokers
  A tengu zombie (Depths:1)
  2 deep elf pyromancers
  4 arcanists
  Pikel (D:6)
  6 harpies
  14 lindwurms
  14 orc knights
  2 phantasmal warriors (Vaults:5)
  10 necromancers
  A lindwurm (shapeshifter) (Vaults:5)
  8 spectral spriggans (Swamp:1)
  A frost giant zombie (Depths:1)
  8 will-o-the-wisps
  4 manticores (D:14)
  10 mana vipers
  A deep elf zephyrmancer (D:13)
  8 salamanders
  30 ugly things
  7 cyclopes
  A moth of wrath (shapeshifter) (D:15)
  11 moths of wrath
  2 large abominations (Depths:4)
  4 elephants
  2 water nymphs (shapeshifter)
  11 naga magi
  3 kobold blastminers
  36 black mambas
  A guardian serpent (Snake:3)
  A gargoyle (D:14)
  24 cane toads
  15 vault sentinels
  2 torpor snails (Lair:5)
  Maggie (D:6)
  2 unseen horrors (Depths:4)
  6 rime drakes
  3 ice devils
  41 yaktaurs
  4 kobold demonologists (D:9)
  A spark wasp simulacrum (Depths:1)
  2 efreet
  5 freezing wraiths
  A tormentor (Depths:4)
  4 tengu conjurers
  9 komodo dragons
  A meliai (shapeshifter) (Vaults:5)
  12 trolls
  22 hornets
  6 meliai
  2 tarantellas (Vaults:3)
  A bloated husk (Swamp:1)
  A queen bee (D:14)
  4 glass eyes
  24 blink frogs
  6 polar bears
  10 tyrant leeches
  Grinder (D:6)
  A raiju (Gauntlet)
  28 slime creatures
  A vampire (D:9)
  3 shadows (Gauntlet)
  15 wyverns
  A centaur simulacrum (D:15)
  15 spriggans
  9 wraiths
  A ynoxinul (Depths:4)
  A water elemental (Depths:4)
  A spectral komodo dragon (Gauntlet)
  48 yaks
  3 fire bats
  Grum (D:11)
  2 chaos spawn (Depths:4)
  Eustachio (D:5)
  11 basilisks
  21 vampire mosquitoes
  A redback (Vaults:3)
  A spriggan simulacrum (Depths:1)
  9 wargs
  8 small abominations (Depths:4)
  19 swamp worms
  48 nagas
  12 water moccasins
  A swamp worm (shapeshifter) (Depths:4)
  A glowing shapeshifter skeleton (Depths:1)
  5 acid dragons
  9 swamp drakes
  An ice beast (D:8)
  38 orc warriors
  7 black bears
  5 sky beasts
  A boggart (Vaults:2)
  11 ogres
  19 wolves
  2 centaurs
  5 phantoms
  A lemure (D:6)
  8 kobold brigands
  21 bullfrogs
  6 gnoll sergeants
  6 scorpions
  2 necrophages (Swamp:4)
  A water moccasin skeleton (D:5)
  23 wights
  A wyvern skeleton (D:5)
  30 killer bees
  4 howler monkeys
  2 electric eels
  A crimson imp (D:6)
  A lava snake (Lair:2)
  3 bullfrog zombies (D:5)
  4 hounds
  A centaur zombie (D:5)
  A centaur skeleton (D:5)
  12 orc priests
  A jelly (D:8)
  Ijyb (D:4)
  2 iguanas
  20 orc wizards
  11 hell rats
  A lightning spire (Gauntlet)
  A hound zombie (D:5)
  8 mummies (Ossuary)
  A howler monkey zombie (D:5)
  19 gnolls
  8 adders
  A shadow imp (D:7)
  A white imp (D:5)
  7 worms
  5 dart slugs
  103 orcs
  8 ball pythons
  9 endoplasms
  5 giant cockroaches
  4 gnoll zombies (Ossuary)
  5 goblins
  12 hobgoblins
  2 jackals (D:3)
  26 kobolds
  3 quokkas
  6 bats
  4 frilled lizards
  A goblin zombie (D:7)
  2 hobgoblin zombies (Ossuary)
  A kobold zombie (Ossuary)
  An orc zombie (Ossuary)
  A quokka zombie (D:7)
  8 rats
1936 creatures vanquished.

Vanquished Creatures (others)
  A tengu warrior (D:14)
  A black mamba (Snake:4)
  A yaktaur (Vaults:2)
  3 bloated husks
  A tyrant leech (Swamp:3)
  A hornet (Swamp:4)
  A water elemental (D:14)
  A wyvern (Lair:4)
  A naga (Snake:3)
  A water moccasin (Lair:4)
  An electric eel (D:14)
  An orc (Orc:1)
  31 foxfires
45 creatures vanquished.

Grand Total: 1981 creatures vanquished

Notes
Turn   | Place    | Note
-------+----------+-------------------------------------------
     0 | D:1      | Flugkiller the Octopode Shapeshifter began the quest for
                  | the Orb.
     0 | D:1      | Reached XP level 1. HP: 13/13 MP: 1/1
   124 | D:1      | Reached XP level 2. HP: 11/19 MP: 2/2
   295 | D:1      | Reached skill level 1 in Stealth
   361 | D:1      | Found Goinnoacw's Jewellery Emporium.
   504 | D:1      | Reached XP level 3. HP: 24/24 MP: 3/3
   939 | D:2      | Found an iron altar of Okawaru.
   951 | D:2      | Became a worshipper of Warmaster Okawaru
  1010 | D:2      | Reached XP level 4. HP: 26/29 MP: 4/4
  1500 | D:3      | Reached XP level 5. HP: 25/36 MP: 5/5
  2049 | D:4      | Noticed Ijyb
  2127 | D:4      | Noticed a black bear
  2215 | D:4      | Found Raoko's Jewellery Shop.
  2304 | D:4      | You fall into a shaft and drop 1 floor!
  2304 | D:5      | Entered Level 5 of the Dungeon
  2327 | D:5      | Noticed a phantom
  2431 | D:5      | Reached skill level 4 in Shapeshifting
  2435 | D:5      | Found an iron altar of Okawaru.
  2548 | D:5      | Reached XP level 6. HP: 39/42 MP: 6/6
  2568 | D:5      | Reached * piety under Okawaru
  2597 | D:5      | Reached skill level 5 in Shapeshifting
  2698 | D:4      | Killed a black bear
  3016 | D:4      | Found a staircase to the Ecumenical Temple.
  3057 | D:4      | Noticed a black bear
  3061 | D:4      | Killed a black bear
  3062 | D:4      | Reached skill level 6 in Shapeshifting
  3062 | D:4      | Reached XP level 7. HP: 32/46 MP: 7/7
  3161 | D:4      | Reached ** piety under Okawaru
  3871 | D:4      | Reached skill level 7 in Shapeshifting
  3871 | D:4      | Reached skill level 1 in Invocations
  4350 | D:4      | Killed Ijyb
  4380 | D:5      | Reached XP level 8. HP: 39/52 MP: 10/10
  4811 | D:5      | Found a stormy altar of Qazlal.
  4860 | D:5      | Noticed Eustachio
  4891 | D:5      | Killed Eustachio
  4892 | D:5      | Reached skill level 5 in Fighting
  5061 | D:5      | Reached *** piety under Okawaru
  5089 | D:5      | Reached skill level 5 in Dodging
  5180 | D:5      | Found Tusail's Assorted Antiques.
  5188 | D:5      | Bought a scroll labelled ZUIHUK WARISO for 19 gold pieces
  5188 | D:5      | Bought a scroll of identify for 38 gold pieces
  5254 | D:5      | Reached XP level 9. HP: 53/61 MP: 11/11
  5358 | D:6      | Found a glowing golden altar of the Shining One.
  5358 | D:6      | Found an ornate altar of the Wu Jian Council.
  5360 | D:6      | Found a blossoming altar of Fedhas.
  5366 | D:6      | Found a bloodstained altar of Trog.
  5366 | D:6      | Found a glowing silver altar of Zin.
  5533 | D:6      | Reached skill level 5 in Unarmed Combat
  5641 | D:6      | Noticed Maggie
  5648 | D:6      | Reached **** piety under Okawaru
  5659 | D:6      | Killed Maggie
  5967 | D:6      | Noticed Pikel
  5995 | D:6      | Killed Pikel
  5996 | D:6      | Reached XP level 10. HP: 58/71 MP: 12/12
  6066 | D:6      | Found Orowkuvu's Weapon Boutique.
  6124 | D:6      | Found a burning altar of Makhleb.
  6327 | D:6      | Noticed Grinder
  6334 | D:6      | Killed Grinder
  6343 | D:6      | Found Byikonto's Bounteous Boutique.
  6586 | D:7      | Reached skill level 8 in Shapeshifting
  6791 | D:7      | Found a sand-covered staircase.
  6806 | Ossuary  | Entered an ossuary
  7082 | D:7      | Found a sparkling altar of Nemelex Xobeh.
  7454 | D:8      | Reached ***** piety under Okawaru
  7455 | D:8      | Reached skill level 9 in Shapeshifting
  7847 | D:8      | Found a staircase to the Lair.
  7924 | D:8      | Reached skill level 5 in Invocations
  7999 | D:8      | Received a gift from Okawaru
  9166 | D:8      | Reached XP level 11. HP: 69/75 MP: 16/16
  9320 | D:8      | Found a snail-covered altar of Cheibriados.
  9414 | D:8      | Gained mutation: Your spells are a little easier to cast,
                  | but a little less powerful. [potion of mutation]
  9414 | D:8      | Gained mutation: Your system is resistant to poisons.
                  | (rPois) [potion of mutation]
  9414 | D:8      | Gained mutation: You expend magic power (3 MP) to
                  | strengthen your wands. [potion of mutation]
  9481 | D:9      | Reached skill level 10 in Shapeshifting
  9489 | D:9      | Noticed a sixfirhy
  9979 | D:9      | Reached skill level 11 in Shapeshifting
 10179 | D:9      | Received a gift from Okawaru
 11372 | D:10     | Entered Level 10 of the Dungeon
 11414 | D:10     | Got Fufuguimyo's Elucidation of Inhalation
 11848 | D:10     | Reached skill level 12 in Shapeshifting
 11999 | D:10     | Noticed a two-headed ogre
 12249 | D:10     | Noticed a two-headed ogre
 12267 | D:10     | Killed a two-headed ogre
 12617 | D:10     | Killed a two-headed ogre
 12837 | D:1      | Bought a +4 ring of protection for 360 gold pieces
 13038 | D:11     | Reached XP level 12. HP: 57/81 MP: 17/17
 13127 | D:11     | Noticed Grum
 13151 | D:11     | Killed Grum
 13152 | D:11     | Reached skill level 13 in Shapeshifting
 13394 | D:11     | Noticed a boulder beetle
 13418 | D:11     | Killed a boulder beetle
 13418 | D:11     | Received a gift from Okawaru
 13728 | D:11     | Found a runed translucent gate.
 13728 | D:11     | Found a runed translucent gate.
 13728 | D:11     | Found a runed translucent gate.
 13733 | D:11     | Noticed arrururu's ghost (journeyman KoEn)
 13872 | D:11     | Found a staircase to the Orcish Mines.
 14401 | D:11     | Reached skill level 14 in Shapeshifting
 15077 | D:12     | Received a gift from Okawaru
 16100 | D:1      | Bought a granite talisman for 600 gold pieces
 16219 | Lair:1   | Entered Level 1 of the Lair of Beasts
 16264 | Lair:1   | Reached skill level 15 in Shapeshifting
 16593 | Lair:1   | Reached ****** piety under Okawaru
 16594 | Lair:1   | Reached XP level 13. HP: 86/86 MP: 18/18
 16926 | Lair:1   | Reached skill level 16 in Shapeshifting
 16993 | Lair:1   | Received a gift from Okawaru
 17576 | Lair:2   | Noticed Urug
 17592 | Lair:2   | Killed Urug
 17705 | Arena    | Entered the Arena
 18010 | Lair:2   | Found a staircase to the Swamp.
 18480 | Lair:3   | Found a staircase to the Snake Pit.
 18693 | Lair:3   | Received a gift from Okawaru
 19215 | Lair:4   | Reached XP level 14. HP: 32/97 MP: 20/20
 19290 | Lair:4   | Reached skill level 10 in Fighting
 19690 | Lair:4   | Received a gift from Okawaru
 20180 | Lair:4   | Reached skill level 10 in Unarmed Combat
 20436 | Lair:5   | Entered Level 5 of the Lair of Beasts
 20436 | Lair:5   | Noticed Rupert
 20483 | Lair:5   | Reached skill level 1 in Shields
 20605 | Lair:4   | Received a gift from Okawaru
 20831 | Lair:5   | Killed Rupert
 20935 | Lair:5   | Reached skill level 5 in Shields
 21011 | Lair:5   | Received a gift from Okawaru
 21072 | Lair:5   | Reached skill level 10 in Dodging
 21304 | Lair:5   | Reached XP level 15. HP: 103/103 MP: 21/21
 21439 | Lair:5   | Found a staircase to the Slime Pits.
 21440 | Lair:5   | Found a viscous altar of Jiyva.
 22105 | D:13     | Noticed Josephine
 22114 | D:12     | Received a gift from Okawaru
 22151 | D:13     | Killed Josephine
 22511 | D:1      | Bought the ring "Roicagh" {rF+ Will++ Int+5} for 565 gold
                  | pieces
 23067 | D:13     | Received a gift from Okawaru
 23132 | D:13     | Found a gate to the Vaults.
 23815 | D:14     | Received a gift from Okawaru
 24346 | D:14     | Received a gift from Okawaru
 24351 | D:14     | Reached XP level 16. HP: 95/114 MP: 22/22
 24566 | D:15     | Entered Level 15 of the Dungeon
 24577 | D:15     | Found a gate leading to a gauntlet.
 24585 | Gauntlet | Entered a Gauntlet
 24585 | Gauntlet | Found a transporter.
 24597 | Gauntlet | Found a transporter.
 24600 | Gauntlet | Found a transporter.
 24601 | Gauntlet | Found a transporter.
 24607 | Gauntlet | Found a runed translucent gate.
 24607 | Gauntlet | Found a runed translucent gate.
 24607 | Gauntlet | Found a runed translucent gate.
 24609 | Gauntlet | Found a transporter.
 24612 | Gauntlet | Found a transporter.
 24613 | Gauntlet | Found a transporter.
 24623 | Gauntlet | Found a transporter.
 24625 | Gauntlet | Found a transporter.
 24626 | Gauntlet | Found a transporter.
 24634 | Gauntlet | Found a transporter.
 24637 | Gauntlet | Found a transporter.
 24638 | Gauntlet | Found a transporter.
 24646 | Gauntlet | Found a transporter.
 24815 | Gauntlet | Identified the ring of Iliptexoe {Str+6 Dex+6}
 24842 | Gauntlet | Identified the staff of Quantum Leap {Contam rElec rC+ MP+9
                  | Dex+3 Ice}
 24865 | Gauntlet | Identified the +2 hat "Nymaf" {rElec rF++ rC+ MP-9}
 24894 | Gauntlet | Identified the amulet "Usuimef" {Faith Rampage rC+}
 24975 | D:15     | Gained mutation: Your spells are easier to cast, but less
                  | powerful. [a shining eye]
 24979 | D:15     | Found a staircase to the Depths.
 25245 | D:15     | Received a gift from Okawaru
 25470 | D:15     | Found a glowing silver altar of Zin.
 25768 | Orc:1    | Entered Level 1 of the Orcish Mines
 25768 | Orc:1    | Noticed Erolcha
 25770 | Orc:1    | Found Zaaqaifi's Magic Scroll Boutique.
 25773 | Orc:1    | Killed Erolcha
 25834 | Orc:1    | Found Utilibur's Distillery.
 25847 | Orc:1    | Found Ihem's Weapon Emporium.
 25852 | Orc:1    | Bought a potion of heal wounds for 85 gold pieces
 25867 | Orc:1    | Found Bimpu's Assorted Antiques.
 25875 | Orc:1    | Bought a scroll of blinking for 180 gold pieces
 26116 | Orc:1    | Found Isue's Book Boutique.
 26326 | Orc:2    | Entered Level 2 of the Orcish Mines
 26330 | Orc:2    | Noticed Saint Roka
 26844 | Orc:1    | Killed Saint Roka
 27074 | Orc:2    | Received a gift from Okawaru
 27093 | Orc:2    | Reached skill level 15 in Dodging
 27143 | Orc:2    | Reached skill level 5 in Evocations
 27282 | Orc:2    | Found Jakacw's Jewellery Emporium.
 27286 | Orc:2    | Found Puox's Armour Shoppe.
 27345 | Orc:2    | Found a staircase to the Elven Halls.
 27625 | Orc:2    | Found Tamoucs's Weapon Emporium.
 27625 | Orc:2    | Found Haushoc's Distillery.
 27886 | Orc:2    | Bought an amulet of regeneration for 420 gold pieces
 27929 | Orc:2    | Bought a potion of heal wounds for 70 gold pieces
 27970 | Orc:1    | Bought a scroll of teleportation for 36 gold pieces
 27970 | Orc:1    | Bought a scroll of teleportation for 36 gold pieces
 28153 | Snake:1  | Entered Level 1 of the Snake Pit
 28365 | Snake:1  | Identified the serpent talisman of Follow the Leader {rC+}
 28365 | Snake:1  | Noticed Aizul
 28377 | Snake:1  | Killed Aizul
 28377 | Snake:1  | Received a gift from Okawaru
 28486 | Snake:1  | Reached XP level 17. HP: 119/119 MP: 14/23
 28730 | Snake:2  | Identified the +0 kite shield of the Blessed Realm {Dex+3}
 28730 | Snake:2  | Noticed Asterion
 28744 | Snake:2  | Killed Asterion
 29106 | Snake:2  | Received a gift from Okawaru
 29607 | Snake:2  | Noticed Vashnia
 29637 | Snake:2  | Killed Vashnia
 29883 | Snake:3  | Received a gift from Okawaru
 31046 | Snake:4  | Entered Level 4 of the Snake Pit
 31068 | Snake:4  | Identified the blade talisman of Luzixoc {Str+8}
 31410 | Snake:4  | Received a gift from Okawaru
 31411 | Snake:4  | Reached XP level 18. HP: 130/130 MP: 15/24
 31758 | Snake:4  | Got a serpentine rune of Zot
 31944 | Swamp:1  | Entered Level 1 of the Swamp
 32035 | Swamp:1  | Received a gift from Okawaru
 32463 | Swamp:1  | Received a gift from Okawaru
 32645 | Swamp:1  | Found a sacrificial altar of Ru.
 32842 | Swamp:2  | Noticed Roxanne
 32854 | Swamp:2  | Killed Roxanne
 33069 | Swamp:2  | Reached skill level 15 in Fighting
 33126 | Swamp:2  | Reached skill level 15 in Unarmed Combat
 33178 | Swamp:2  | Received a gift from Okawaru
 33504 | Swamp:3  | Noticed a tentacled monstrosity
 33512 | Swamp:3  | Killed a tentacled monstrosity
 33515 | Swamp:3  | Reached XP level 19. HP: 139/139 MP: 8/25
 33861 | Swamp:4  | Entered Level 4 of the Swamp
 34067 | Swamp:4  | Received a gift from Okawaru
 34327 | Swamp:4  | Identified the +6 morningstar of the Vestibule of Hell
                  | {freeze, rC+ Str+3}
 34331 | Swamp:4  | Got a decaying rune of Zot
 34775 | Vaults:1 | Entered Level 1 of the Vaults
 34985 | D:1      | Bought a ring of the Octopus King {HP+2 AC+2 EV+2 SH+2
                  | SInv} for 514 gold pieces
 34985 | D:1      | Found the ring of the Octopus King {HP+2 AC+2 EV+2 SH+2
                  | SInv}
 35301 | Vaults:1 | Received a gift from Okawaru
 35321 | Vaults:1 | Found a runed translucent gate.
 35321 | Vaults:1 | Found a runed translucent gate.
 35321 | Vaults:1 | Found a runed translucent gate.
 35321 | Vaults:1 | Noticed Armakuni's ghost (adept HuMo)
 35321 | Vaults:1 | Noticed Huosm's ghost (adept TrFi)
 35321 | Vaults:1 | Noticed Fubrub's ghost (veteran GnWr)
 35322 | Vaults:1 | Noticed inmateoo's ghost (adept DsGl)
 35692 | Vaults:1 | Identified the scarf "Afudasydd" {+Inv, rF+ Regen+}
 35747 | Vaults:1 | Received a gift from Okawaru
 36057 | Vaults:1 | Reached XP level 20. HP: 149/149 MP: 17/26
 36184 | Vaults:1 | Killed Fubrub's ghost
 36187 | Vaults:1 | Killed Huosm's ghost
 36277 | Vaults:1 | Killed Armakuni's ghost
 36311 | Vaults:1 | Killed inmateoo's ghost
 36323 | Vaults:1 | Identified the amulet "Kishofei" {Reflect rC- Str+4 Int+6
                  | SH+5}
 36337 | Vaults:1 | Identified the +2 buckler of Wimaint {Will+ rCorr}
 36451 | Vaults:2 | Received a gift from Okawaru
 36833 | Vaults:2 | Received a gift from Okawaru
 37702 | Vaults:3 | Received a gift from Okawaru
 37868 | Vaults:3 | Found Caschiaha's Weapon Shop.
 37922 | Vaults:3 | Found a staircase to the Crypt.
 38249 | Vaults:3 | You fall into a shaft and drop 1 floor!
 38622 | Vaults:3 | Noticed an ancient lich
 38638 | Vaults:3 | Killed an ancient lich
 38640 | Vaults:3 | Reached XP level 21. HP: 137/158 MP: 18/27
 38819 | Vaults:4 | Found Dusa's Armour Shop.
 39049 | Vaults:4 | Received a gift from Okawaru
 39148 | Vaults:4 | Found a runed translucent door.
 39802 | Depths:1 | Entered Level 1 of the Depths
 39821 | Depths:1 | Received a gift from Okawaru
 40019 | Depths:1 | Reached skill level 17 in Shapeshifting
 40060 | Depths:1 | Found a one-way gateway to a ziggurat.
 40070 | Depths:1 | Found a burning altar of Makhleb.
 40078 | Depths:1 | Found a gateway to Hell.
 40361 | Depths:1 | Received a gift from Okawaru
 40538 | Depths:1 | Found a one-way gate leading to the halls of Pandemonium.
 40595 | Depths:1 | Reached skill level 18 in Shapeshifting
 40969 | Depths:2 | Found a runed translucent gate.
 40969 | Depths:2 | Found a runed translucent gate.
 40969 | Depths:2 | Found a runed translucent gate.
 40981 | Depths:2 | Received a gift from Okawaru
 41015 | Depths:2 | Reached XP level 22. HP: 165/165 MP: 19/28
 41097 | Depths:2 | Reached skill level 19 in Shapeshifting
 41431 | Depths:2 | Found a bloodstained altar of Trog.
 41629 | Depths:2 | Found a one-way gate to the infinite horrors of the Abyss.
 41837 | Depths:2 | Received a gift from Okawaru
 41855 | Depths:2 | Found a runed translucent gate.
 41855 | Depths:2 | Found a runed translucent gate.
 41863 | Depths:2 | Found a runed translucent gate.
 41866 | Depths:2 | Noticed NigelTetley's ghost (adept DgCj)
 42007 | Depths:3 | Reached skill level 20 in Shapeshifting
 42087 | Depths:3 | Received a gift from Okawaru
 42209 | Depths:3 | Noticed Sojobo
 42222 | Depths:3 | Noticed a golden dragon
 42229 | Depths:3 | Killed Sojobo
 42238 | Depths:3 | Killed a golden dragon
 42365 | Depths:3 | Reached skill level 21 in Shapeshifting
 42382 | Depths:3 | Received a gift from Okawaru
 42393 | Depths:3 | Found a hide-covered altar of Uskayaw.
 42806 | Depths:4 | Entered Level 4 of the Depths
 42995 | Depths:4 | Reached XP level 23. HP: 171/171 MP: 20/29
 43068 | Depths:4 | Noticed a golden dragon
 43087 | Depths:4 | Killed a golden dragon
 43087 | Depths:4 | Received a gift from Okawaru
 43109 | Depths:4 | Reached skill level 22 in Shapeshifting
 43288 | Depths:4 | Found a gate to the Realm of Zot.
 43994 | Vaults:5 | Entered Level 5 of the Vaults
 44091 | Vaults:4 | Received a gift from Okawaru
 44213 | Vaults:5 | Reached skill level 23 in Shapeshifting
 44250 | Vaults:5 | Identified the amulet "Koxum" {Reflect rC+ Will+ Str+3
                  | SH+5}
 44293 | Vaults:5 | Identified the +6 short sword of the Smoking Pariah {heavy,
                  | rPois rF- Str+5}
 44310 | Vaults:5 | Identified the +1 plate armour "Iceatagoch" {rN+ Str+4
                  | SInv}
 44394 | Vaults:5 | Identified the ring of Huiwuej {*Slow Will+++ MP+9 Str+3}
 44400 | Vaults:5 | Received a gift from Okawaru
 44418 | Vaults:5 | Noticed a golden dragon
 44432 | Vaults:5 | Killed a golden dragon
 44445 | Vaults:5 | Reached skill level 10 in Invocations
 44564 | Vaults:5 | Identified the +0 leather armour of Inquiry {rPois rF-
                  | rCorr Int+2}
 44587 | Vaults:5 | Reached XP level 24. HP: 177/177 MP: 18/31
 44658 | Vaults:5 | Identified the staff "Zuusouk" {rC+ rN+ rCorr Int+2 Necro}
 44731 | Vaults:5 | Identified the ring "Iroreid" {Fly Will+ rCorr Str+6 Int-5}
 44743 | Vaults:5 | Got the Textbook on the Freezing Escort
 44967 | Vaults:5 | Identified the +7 sling "Zeczulue" {freeze, Fly}
 44975 | Vaults:5 | Received a gift from Okawaru
 45096 | Vaults:5 | Noticed an ancient lich
 45110 | Vaults:5 | Killed an ancient lich
 45113 | Vaults:5 | Identified the +1 orcbow of Midsummer {flame, Fly rCorr
                  | Int+7 Dex-5}
 45136 | Vaults:5 | Got the Tractate on the Anticline and Iniquitous Ceremonies
 45138 | Vaults:5 | Got a silver rune of Zot
 45700 | Zot:1    | Entered Level 1 of the Realm of Zot
 45745 | Zot:1    | Noticed Parghit
 45755 | Zot:1    | Killed Parghit
 45922 | Zot:1    | Received a gift from Okawaru
 46679 | Zot:3    | Noticed a Killer Klown
 46679 | Zot:3    | Noticed a Killer Klown
 46693 | Zot:3    | Received a gift from Okawaru
 46716 | Zot:3    | Killed a Killer Klown
 46752 | Zot:3    | Killed a Killer Klown
 46952 | Zot:5    | Entered Level 5 of the Realm of Zot
 47107 | Zot:5    | Received a gift from Okawaru
 47114 | Zot:5    | Reached XP level 25. HP: 152/187 MP: 33/33
 47431 | Zot:5    | Noticed a dread lich
 47438 | Zot:5    | Noticed an orb of fire
 47442 | Zot:5    | Noticed an ancient lich
 47443 | Zot:5    | Killed a dread lich
 47445 | Zot:5    | Gained mutation: Your body sometimes deteriorates upon
                  | taking damage. [an orb of fire]
 47451 | Zot:5    | Lost mutation: Your body sometimes deteriorates upon taking
                  | damage. [an orb of fire]
 47453 | Zot:5    | Noticed a Killer Klown
 47455 | Zot:5    | Killed an ancient lich
 47458 | Zot:5    | Killed an orb of fire
 47458 | Zot:5    | Received a gift from Okawaru
 47459 | Zot:5    | Noticed an orb of fire
 47460 | Zot:5    | Noticed an orb of fire
 47462 | Zot:5    | Noticed a Killer Klown
 47464 | Zot:5    | Gained mutation: You have hidden genetic defects. [an orb
                  | of fire]
 47465 | Zot:5    | Gained mutation: You occasionally lose the ability to read
                  | scrolls when taking damage. [an orb of fire]
 47466 | Zot:5    | Gained mutation: You are clumsy. (Dex -2) [an orb of fire]
 47467 | Zot:5    | Killed an orb of fire
 47468 | Zot:5    | Noticed an orb of fire
 47470 | Zot:5    | Killed a Killer Klown
 47471 | Zot:5    | Gained mutation: You occasionally lose the ability to drink
                  | potions when taking damage. [an orb of fire]
 47475 | Zot:5    | Killed an orb of fire
 47476 | Zot:5    | Killed an orb of fire
 47477 | Zot:5    | Killed a Killer Klown
 47511 | Zot:5    | Lost mutation: You expend magic power (3 MP) to strengthen
                  | your wands. [potion of mutation]
 47511 | Zot:5    | Lost mutation: You occasionally lose the ability to drink
                  | potions when taking damage. [potion of mutation]
 47511 | Zot:5    | Lost mutation: Your spells are easier to cast, but less
                  | powerful. [potion of mutation]
 47511 | Zot:5    | Lost mutation: You have hidden genetic defects. [potion of
                  | mutation]
 47511 | Zot:5    | Gained mutation: You are somewhat resistant to further
                  | mutation. [potion of mutation]
 47511 | Zot:5    | Gained mutation: You are strong-willed. (Will+) [potion of
                  | mutation]
 47512 | Zot:5    | Lost mutation: You are somewhat resistant to further
                  | mutation. [potion of mutation]
 47512 | Zot:5    | Lost mutation: You occasionally lose the ability to read
                  | scrolls when taking damage. [potion of mutation]
 47512 | Zot:5    | Lost mutation: You are clumsy. (Dex -2) [potion of
                  | mutation]
 47542 | Zot:5    | Received a gift from Okawaru
 47565 | Zot:5    | Got the Orb of Zot
 47665 | Zot:1    | Noticed Peamats the pandemonium lord
 47696 | Zot:1    | Killed Peamats the pandemonium lord
 47704 | Zot:1    | Gained mutation: You occasionally shout uncontrollably at
                  | your foes. [a cacodemon]
 47725 | Depths:4 | Noticed Ywnesohu the pandemonium lord
 47729 | Depths:4 | Killed Ywnesohu the pandemonium lord
 47732 | Depths:4 | Noticed Bullurr the pandemonium lord
 47732 | Arena    | Entered the Arena
 47739 | Arena    | Killed Bullurr the pandemonium lord
 48024 | D:6      | Noticed Cuebaodo the pandemonium lord
 48096 | D:1      | Noticed Ytis the pandemonium lord
 48101 | D:1      | gg
 48102 | D:$      | Escaped with the Orb!

Illustrated notes

...........####''####...#
..#........###..2.###...##
..[...)....##......##....#
...........##.#...2##..#.#
...#....#..#...3&...#..#.#
...#.......#.#....[.#..#.#
..##.###...#...##...#..#.#
.###)# #...#..####..#..#.#
###..# #...'..'>v'..+..#.#
###.## #...#..####..#..#.######
.#..####...#...##...#.........#
...........#......#.#.........#
..######...#........#.........#
.## ##..##.)..#.##.........# .#
#..##......##.....>...# ##
#..###....###.........#
#..####''####..########


Turn 48101 on D:1: gg

Levels and vault maps discovered:
D:1:      dpeg_arrival_refuge, layout_rooms, serial_shops, shop,
          minmay_split_cup_large
D:2:      layout_basic, basic_altar
D:3:      layout_rooms, kennysheep_boxes
D:4:      minmay_thinvault, layout_gridville, minmay_temple_entry_trees,
          serial_shops, nicolae_shop_gaudy_bauble, minmay_puff, uniq_ijyb
D:5:      layout_loops_cross, okawaru_gym_becter, mainiacjoe_overflow_alcove_4,
          serial_undead, serial_undead_e, serial_undead_c, serial_undead_e,
          serial_undead_f, serial_undead_c, serial_undead_d, serial_shops, shop,
          uniq_eustachio
D:6:      layout_loops_corners, grunt_temple_overflow_open,
          makhleb_grotto_becter, serial_shops, shop, nicolae_alphabet_shops,
          uniq_maggie, uniq_grinder, uniq_pikel
D:7:      black_bear_nest_1, layout_rooms, nemelex_spade_bored_becter,
          enter_ossuary_4
D:8:      minmay_bubble_buster, layout_cave_pools, cheibrodos_worm_habitat
D:9:      layout_basic, st_stairs_12
D:10:     layout_gridville, kennysheep_generic_room_15
D:11:     layout_loops_ring, kennysheep_orc_monster_closet_entryway,
          ebering_ghost_rock_garden, uniq_grum
D:12:     layout_small_grid, dreamdust_wasp_nest
D:13:     layout_layer_cave, david_vaults_1, nicolae_zig_zag_zippers,
          uniq_josephine
D:14:     regret_index_wax_grids, layout_basic, minmay_misc_feat_square,
          minmay_misc_feat_x
D:15:     hangedman_depths_entry_try_elsewhere_first, layout_irregular_city,
          minmay_tree_intersection, gauntlet_entry_generic, zin_academy
Lair:1:   layout_loops_ring, minmay_holes, infiniplex_staircase_pool,
          lemuel_fruit_tree, serial_bayou_shore_a
Lair:2:   layout_gridlike, mainiacjoe_swamp_entry_angry_trees, uniq_urug
Lair:3:   layout_cave_shapes, guppyfry_snake_entry_garden, columned_hall_lemuel
Lair:4:   layout_cave_pods, special_room [special_room_mythical_zoo],
          chequers_serial_rivers_small_a
Lair:5:   minmay_lair_end_frog_pond, layout_misc_corridors, slime_entry_1,
          hangedman_lair_generics_rect, uniq_rupert
Swamp:1:  nicolae_swamp_flooded_prison, layout_falls_marsh,
          nicolae_swamp_godswood
Swamp:2:  layout_basic_swamp, evilmike_swamp_ruin_house_2, uniq_roxanne
Swamp:3:  layout_falls_marsh, evilmike_swamp_ruin_house_1, swamp_pool_5
Swamp:4:  swamp_alternative, layout_basic_swamp
Snake:1:  layout_gridlike, nicolae_letterblocks [nicolae_letter_subblock,
          nicolae_letter_subblock, nicolae_letter_subblock,
          nicolae_letter_subblock, nicolae_letter_subblock,
          nicolae_letter_subblock, nicolae_letter_subblock,
          nicolae_letter_subblock, nicolae_letter_subblock,
          nicolae_letter_subblock, nicolae_letter_subblock,
          nicolae_letter_subblock, nicolae_letter_subblock,
          nicolae_letter_subblock, nicolae_letter_subblock,
          nicolae_letter_subblock, nicolae_letter_subblock,
          nicolae_letter_subblock, nicolae_letter_subblock,
          nicolae_letter_subblock, nicolae_letter_subblock,
          nicolae_letter_subblock, nicolae_letter_subblock,
          nicolae_letter_subblock, nicolae_letter_subblock], uniq_aizul
Snake:2:  layout_grid_maze, uniq_asterion, uniq_vashnia
Snake:3:  layout_layer_cave
Snake:4:  minmay_snake_end_coiled, layout_onion
Orc:1:    layout_caves, serial_shops, nicolae_shop_real_fake_doors, shop,
          nicolae_shop_waterfront, nicolae_shop_peninsula, nicolae_shop_stone,
          basic_altar, uniq_erolcha
Orc:2:    st_orc_town, layout_diamond_mine, uniq_saint_roka
Vaults:1: gammafunk_ghost_cemetery, v_misc_3, nicolae_vaults_house_2,
          ontoclasm_vaults_chip, v_pattern_4, hangedman_vaults_snaps,
          vaults_mumra_minichess, vaults_mumra_lcd, vaults_room_fours,
          nicolae_vaults_trapezoid_2, layout_vaults_omnicross
Vaults:2: nicolae_vaults_rhombus_6, ontoclasm_vaults_eye,
          nicolae_vaults_offset_grid_hallway_4, ontoclasm_vaults_chip,
          nicolae_vaults_shrinking_rooms_2, ontoclasm_vaults_chip,
          hangedman_vaults_river_flow, nicolae_vaults_storage_closets_3,
          nicolae_vaults_layer_cake_slice, vaults_dpeg_emergency_exit,
          v_misc_23, v_misc_22, vaults_dpeg_ring,
          ontoclasm_vaults_claustrophobia, ontoclasm_vaults_fault,
          layout_vaults_omnibox
Vaults:3: nicolae_vaults_more_shelving_1, nicolae_vaults_closet_pinwheel_6,
          hangedman_vaults_impose, v_misc_5, nicolae_vaults_asterisk,
          nicolae_vaults_wrenched, nicolae_vaults_wine_cellar,
          ontoclasm_vaults_gateway, nicolae_vaults_tetromino_L_2,
          minmay_crypt_entry_simple_statues, nicolae_vaults_tetromino_T_2,
          layout_vaults_quadrants, serial_shops, nicolae_shop_just_a_little_nook
Vaults:4: nicolae_vaults_oozy_zoo, nicolae_vaults_little_squares_1,
          ontoclasm_vaults_ring_square, nicolae_vaults_storage_room_doors,
          v_misc_3, nicolae_vaults_taking_the_gang_shopping, vaults_room_pool,
          nicolae_vaults_bisected_exclaves, layout_vaults_big_room, uniq_margery
Vaults:5: serial_shops
Depths:1: layout_gridlike, enter_ziggurat_a, lemuel_statue_altar, hell_entry,
          grunt_pan_entry_in_and_out, kennysheep_generic_room_6,
          grunt_megastairs_4
Depths:2: kennysheep_green_arena, layout_gridlike, trog_three_pillars_becter,
          pan_entry, ploomutoo_gammafunk_ghost_potion_laboratory, hell_entry,
          hangedman_abyss_entry_splay, uniq_grunn
Depths:3: minmay_ornate_pinched, layout_long_grid, hell_entry, abyss_entry,
          nicolae_uskayaw_suspiria, uniq_sojobo
Depths:4: grunt_twist_and_shout, layout_basic, hangedman_coc_ice_floe,
          minmay_room_of_horrors, nrook_mini_backslash, serial_bayou_shore_b
Zot:1:    layout_gridlike, guppyfry_library_mini, uniq_parghit
Zot:2:    layout_gridlike, grunt_megastairs_2
Zot:3:    grunt_zot_stairs_faceoff, layout_gridlike, st_stairs_6
Zot:4:    layout_basic, grunt_megastairs_1
Zot:5:    layout_basic, st_stairs_10, nicolae_tricolors

Skill      XL: |  1  2  3  4  5  6  7  8  9 10 11 12 13 14 15 16 17 18 19 20 21 22 23 24 25 |
---------------+----------------------------------------------------------------------------+-----
Fighting       | 2 3 5 7 9 10 11 12 13 15 16 17 18 19 20 | 20.8
Stealth        | 1 |  1.0
Unarmed Combat | 4 6 8 10 11 12 13 15 16 17 18 19 20 | 20.7
Shapeshifting  | 4 6 7 9 12 15 16 18 21 23 | 23.3
Invocations    | 3 7 9 11 14 | 14.0
Evocations     | 2 3 8 |  8.0
Dodging        | 5 7 10 12 15 16 17 18 19 20 | 20.0
Shields        | 5 |  5.0

Action                     |  1- 3 |  4- 6 |  7- 9 | 10-12 | 13-15 | 16-18 | 19-21 | 22-24 | 25-27 || total
---------------------------+-------+-------+-------+-------+-------+-------+-------+-------+-------++-------
  Melee: Unarmed           |    78 |    96 |   249 |   811 |   912 |  1192 |  1100 |  1119 |   154 ||  5711
         Constrict         |    19 |    28 |    55 |   165 |   114 |   148 |   122 |    94 |       ||   745
         Tentacles         |    12 |    24 |    69 |   237 |   262 |   302 |   353 |   300 |       ||  1559
         Punch             |       |     3 |     3 |     2 |    67 |   133 |   183 |   219 |    30 ||   640
  Throw: Dart              |       |       |       |       |     1 |       |       |       |       ||     1
         Javelin           |       |       |       |       |     2 |       |       |       |       ||     2
 Invoke: Heroism           |       |       |     3 |     7 |     4 |    10 |     2 |     9 |     1 ||    36
         Finesse           |       |       |       |       |     1 |     3 |       |     5 |     1 ||    10
         Duel              |       |       |       |       |     1 |       |       |       |     1 ||     2
Ability: Blinkbolt         |       |       |       |       |       |       |       |     1 |     2 ||     3
  Evoke: Wand              |       |     1 |     5 |    28 |     5 |     1 |     2 |     6 |       ||    48
         Lightning rod     |       |       |       |       |       |     6 |       |       |       ||     6
         Condenser vane    |       |       |       |       |       |       |       |     1 |       ||     1
    Use: Scroll            |     3 |     1 |     6 |    12 |    12 |     3 |     1 |     8 |     5 ||    51
         Potion            |       |       |       |     7 |     1 |     1 |       |       |    14 ||    23
   Stab: Sleeping          |     9 |     9 |     5 |     1 |     6 |    14 |    10 |     2 |       ||    56
         Distracted        |       |     1 |       |       |     3 |     7 |     1 |     2 |       ||    14
         Paralysed         |       |     5 |    13 |    11 |       |       |       |     2 |       ||    31
         Petrified         |       |       |       |       |     2 |       |       |       |       ||     2
         Confused          |       |       |       |       |       |       |     1 |       |       ||     1
         Invisible         |       |       |       |       |       |       |       |       |     3 ||     3
 Armour: Skin              |    28 |    36 |    91 |   372 |   849 |   573 |   566 |   496 |    18 ||  3029
  Dodge: Dodged            |    40 |    37 |   169 |   600 |  1161 |  1766 |  1870 |  1568 |   122 ||  7333
  Block: Buckler           |       |       |       |    33 |   595 |   802 |   814 |   526 |       ||  2770
         Other             |       |       |       |       |       |       |       |     5 |     3 ||     8
   Form: Flux              |       |       |     1 |       |       |       |       |       |       ||     1
         Statue            |       |       |       |     1 |       |       |       |     1 |       ||     2
         Storm             |       |       |       |       |       |       |       |     2 |       ||     2

Table legend: (Time is in decaauts)
 A = Elapsed time spent in this place.
 B = Non-inter-level travel time spent in this place.
 C = Inter-level travel time spent in this place.
 D = Time resting spent in this place.
 E = Time spent auto-exploring this place.
 F = Levels seen in this place.
 G = Mean time per level.
                   A        B        C        D        E       F      G
               +--------+--------+--------+--------+--------+-----+--------+
         Total |  61928 |  55821 |   6107 |   8278 |  31979 |  48 | 1290.2 |
       Dungeon |  22649 |  19375 |   3274 |   5584 |   8892 |  15 | 1509.9 |
          Lair |   8899 |   8294 |    605 |   1542 |   4593 |   5 | 1779.8 |
         Swamp |   4429 |   4207 |    222 |     91 |   2813 |   4 | 1107.2 |
     Snake Pit |   5431 |   5078 |    353 |    105 |   3639 |   4 | 1357.8 |
  Orcish Mines |   3260 |   2947 |    313 |    685 |   1610 |   2 | 1630.0 |
        Vaults |   8691 |   7947 |    744 |    212 |   5402 |   5 | 1738.2 |
        Depths |   5915 |   5466 |    449 |     45 |   3831 |   4 | 1478.8 |
           Zot |   1837 |   1693 |    144 |     10 |    868 |   5 |  367.4 |
       Ossuary |    206 |    206 |      0 |      0 |     84 |   1 |  206.0 |
      Gauntlet |    558 |    558 |      0 |      3 |    246 |   1 |  558.0 |
         Arena |     49 |     49 |      0 |      0 |      0 |   2 |   24.5 |
               +--------+--------+--------+--------+--------+-----+--------+

Top non-repeatable levels by time:
     D:9: 2418 daAuts
  Lair:4: 2396 daAuts
     D:8: 2192 daAuts
    D:11: 2161 daAuts
     D:4: 2102 daAuts
Vaults:3: 2045 daAuts
    D:13: 1932 daAuts
  Lair:2: 1877 daAuts
  Lair:5: 1868 daAuts
 Snake:3: 1867 daAuts
Vaults:1: 1844 daAuts
Depths:2: 1784 daAuts
Vaults:5: 1755 daAuts
  Lair:1: 1730 daAuts
   Orc:1: 1704 daAuts
